 Dungeon Crawl Stone Soup version 0.19-a0-1905-ge8b2aad (webtiles) character file.

167 Morenatsu the Slasher (level 5, -6/30 HPs)
             Began as a Tengu Gladiator on Oct 21, 2016.
             Mangled by Morenatsu's ghost (8 damage)
             ... on level 3 of the Dungeon.
             The game lasted 00:04:37 (3025 turns).

Morenatsu the Slasher (Tengu Gladiator)             Turns: 3025, Time: 00:04:37

Health: -6/30      AC:  4    Str: 15    XL:     5   Next: 48%
Magic:  3/6        EV: 15    Int:  9    God:
Gold:   197        SH:  0    Dex: 15    Spells: 0 memorised, 4 levels left

rFire  . . .     SeeInvis .     a - +0 long sword
rCold  . . .     Gourm    .     b - +0 leather armour
rNeg   . . .     Faith    .     (no shield)
rPois  .         Spirit   .     l - +1 hat
rElec  .         Reflect  .     (no cloak)
rCorr  .         Harm     .     (no gloves)
MR     .....                    (boots unavailable)
Stlth  +.........               (no amulet)
                                (no ring)
                                (no ring)

@: flying quickly and evasively, quick
A: beak, talons 3, able to fly 1
a: no special abilities


You were on level 3 of the Dungeon.
You were hungry.

You visited 1 branch of the dungeon, and saw 3 of its levels.

You collected 197 gold pieces.

Inventory:

Hand Weapons
 a - a +0 long sword (weapon)
Armour
 b - a +0 leather armour (worn)
 l - a +1 hat (worn)
Scrolls
 e - a scroll of identify
 g - 2 scrolls of remove curse
 h - 2 scrolls of teleportation
Potions
 c - a potion of curing {unknown}
 j - a potion of lignification {unknown}
 k - a potion of brilliance {unknown}
Comestibles
 d - a royal jelly
 f - 5 bread rations
 i - 2 meat rations
 m - a beef jerky


   Skills:
 - Level 2.0 Fighting
 + Level 6.6 Long Blades
 - Level 2.0 Throwing
 - Level 3.2 Dodging


You had 4 spell levels left.
You didn't know any spells.

Dungeon Overview and Level Annotations

Branches:
Dungeon (3/15)

Altars:
Gozag

Annotations:
D:3 1 runed door, Morenatsu's ghost, amateur TeGl


Innate Abilities, Weirdness & Mutations

You have a beak for a mouth.
You have claws for feet.
You can fly.


Message History

Your peck misses Morenatsu's ghost. Morenatsu's ghost barely misses you.
You hit Morenatsu's ghost but do no damage.
You claw Morenatsu's ghost. Your peck misses Morenatsu's ghost.
Morenatsu's ghost is lightly damaged.
Morenatsu's ghost hits you.
You hit Morenatsu's ghost. Your kick misses Morenatsu's ghost.
Your peck misses Morenatsu's ghost.
Morenatsu's ghost is moderately damaged.
Morenatsu's ghost barely misses you.
You hit Morenatsu's ghost but do no damage.
Your kick misses Morenatsu's ghost. Your peck misses Morenatsu's ghost.
Morenatsu's ghost is moderately damaged.
Morenatsu's ghost hits you!
You closely miss Morenatsu's ghost. Your kick misses Morenatsu's ghost.
You peck Morenatsu's ghost, but do no damage.
Morenatsu's ghost is moderately damaged.
Morenatsu's ghost hits you!
* * * LOW HITPOINT WARNING * * *
Morenatsu's ghost hits you!
You die...

#..#...# #.# #..#...
#.# #### ##....# #.#
...# #.#..# #.# ##.#
#######.#..# #.# #.#
........(..###### #.#
#.# .................
#.# #.#
..........##########.##
#.#
........W@............#
#.#
........#.#############
#.# ........#.# #....#
##.# ........#.# #.#.##
.#.# ........#.# #.#.#
.#.# #########.####
#.#.# .#.# #.#..# #.#.#
.#(######### #.#..#
#.#.# .#.#.......#
#.#..# #.#.#


You could see Morenatsu's ghost.

Vanquished Creatures
  An orc wizard (D:3)
  8 adders
  An ooze (D:3)
  3 dart slugs (D:1)
  7 orcs
  2 giant cockroaches
  5 hobgoblins
  3 jackals (D:1)
  7 bats
  6 frilled lizards
  6 goblins
  3 kobolds
  5 rats
57 creatures vanquished.

Notes
Turn   | Place    | Note
-------+----------+-------------------------------------------
     0 | D:1      | Morenatsu the Tengu Gladiator began the quest for the Orb.
     0 | D:1      | Reached XP level 1. HP: 12/12 MP: 2/2
   163 | D:1      | Reached XP level 2. HP: 17/17 MP: 3/3
   165 | D:1      | Reached skill level 4 in Long Blades
   505 | D:1      | Reached XP level 3. HP: 21/21 MP: 4/4
  1189 | D:2      | Reached skill level 5 in Long Blades
  1278 | D:2      | Reached XP level 4. HP: 16/26 MP: 5/5
  1661 | D:2      | Found an opulent altar of Gozag.
  2174 | D:3      | Reached skill level 6 in Long Blades
  2174 | D:3      | Gained mutation: You can fly. [Tengu growth]
  2174 | D:3      | Reached XP level 5. HP: 28/30 MP: 6/6
  2694 | D:3      | Found a runed door.
  3016 | D:3      | Noticed Morenatsu's ghost (amateur TeGl)
  3025 | D:3      | Mangled by Morenatsu's ghost

Vault maps used:
D:1:      dpeg_arrival_arbitrary_c
D:2:      grunt_gozag_breadcrumbs, first_bread
D:3:      uniq_crazy_yiuf_cottage

Skill      XL: |  1  2  3  4 |
---------------+-------------+-----
Long Blades    | 4 5 6 |  6.6
Fighting       | |  2.0
Throwing       | |  2.0
Dodging        | |  3.2

Action                   |  1- 3 |  4- 6 || total
-------------------------+-------+-------++-------
Melee: Long sword        |    57 |    71 ||   128
       Kick              |    15 |    19 ||    34
       Peck              |    10 |    16 ||    26
 Abil: Fly               |       |     1 ||     1
  Use: Scroll            |     4 |     2 ||     6
       Potion            |       |     2 ||     2
 Stab: Sleeping          |       |     1 ||     1
  Eat: Chunk             |     1 |     5 ||     6
Armor: Leather armour    |     9 |    21 ||    30
Dodge: Dodged            |    38 |    56 ||    94
       Rpst.: Long sword |    10 |    15 ||    25
